Wolves vs Crunch
Created - November 12, 2023 at 21:23
Goals
|
Wolves |
3 |
0 |
0 |
3 |
Crunch |
1 |
0 |
1 |
2 |
|
Shots
|
Wolves |
12 |
9 |
10 |
31 |
Crunch |
8 |
13 |
14 |
35 |
|
1st period
1. Wolves , Antti Suomela 4 (Thomas Spelling 7, Jakub Zboril 12) at 0:25
2. Wolves , Victor Olofsson 13 (Thomas Spelling 8, Jakub Zboril 13) at 2:29 (PP)
3. Crunch , Robert Thomas 7 (Maxime Comtois 7) at 5:06
4. Wolves , Antti Suomela 5 (Jakub Zboril 14) at 10:56
Penalties :
Gustav Lindstrom (Syr) for Cross-checking (Minor) at 1:40, Jeremy Bracco (Syr) for Hooking (Minor) at 10:59, Jonah Gadjovich (Chi) for Hooking (Minor) at 17:51
2nd period
No Goal
Penalties :
Jalen Chatfield (Chi) for Goalie Interference (Minor) at 6:27, Wade Allison (Chi) for Interference (Minor) at 9:00, Samuel Girard (Chi) for Holding (Minor) at 13:42
3rd period
5. Crunch , Ty Dellandrea 3 (Anatoli Golyshev 5) at 15:22 (PP)
Penalties :
Antti Suomela (Chi) for Interference (Minor) at 0:51, Jakub Zboril (Chi) for Elbowing (Minor) at 8:15, Jordan Harris (Chi) for Slashing (Double Minor) at 12:24, Axel Holmstrom (Syr) for Hooking (Minor) at 17:22
Goalie Stats
Ebbe Siönäs (Chi), 33 saves from 35 shots - (0.943), W, 10-2-1, 60:00 minutes
Louis Domingue (Syr), 28 saves from 31 shots - (0.903), L, 1-2-2, 59:40 minutes
Players Stats for Wolves
Player Name G A P +/- PIM S H SB GA TA FO MP PP MP PK MP
------------------------------------------------------------------------------------
Antti Suomela 2 0 2 2 2 4 2 1 0 0 9/16 19:08 2:11 5:31
Cedric Paquette 0 0 0 -1 0 1 1 2 0 0 15/28 21:18 2:28 7:28
Dylan Coghlan 0 0 0 0 0 1 0 0 0 0 0/0 11:10 0:00 2:03
Hayden Hodgson 0 0 0 -1 0 2 0 2 0 2 1/2 25:10 2:28 7:28
Jake Evans 0 0 0 0 0 4 2 1 0 0 7/11 11:47 0:09 0:15
Jakub Zboril 0 3 3 1 2 1 0 3 0 0 0/0 21:02 2:08 5:40
Jalen Chatfield 0 0 0 0 2 2 2 0 0 1 0/0 27:36 2:39 7:24
Jasper Weatherby 0 0 0 0 0 1 0 1 1 0 3/6 10:00 0:00 1:53
Jonah Gadjovich 0 0 0 2 2 0 2 0 0 0 0/2 20:36 2:10 5:40
Jordan Harris 0 0 0 0 4 0 0 0 0 0 0/0 10:48 0:00 0:42
Maksim Sushko 0 0 0 0 0 1 1 0 0 0 0/0 6:34 0:00 0:00
Parker Kelly 0 0 0 0 0 1 0 0 0 1 0/0 11:44 0:08 1:29
Philip Larsen 0 0 0 0 0 3 2 4 1 2 0/0 28:36 2:39 8:23
Samuel Girard 0 0 0 1 2 1 0 2 0 0 0/0 22:16 2:08 5:32
Stelio Mattheos 0 0 0 0 0 0 0 0 0 0 0/0 0:00 0:00 0:00
Thomas Spelling 0 2 2 2 0 6 1 0 0 0 0/0 13:20 2:11 0:00
Victor Olofsson 1 0 1 -1 0 2 1 0 3 1 0/1 13:55 2:36 0:00
Wade Allison 0 0 0 0 2 1 2 0 0 0 1/1 10:01 0:00 0:00
Players Stats for Crunch
Player Name G A P +/- PIM S H SB GA TA FO MP PP MP PK MP
------------------------------------------------------------------------------------
Anatoli Golyshev 0 1 1 0 0 6 1 1 1 0 1/1 11:55 0:33 0:00
Axel Holmstrom 0 0 0 0 2 3 0 1 0 0 17/33 22:22 7:41 1:04
Blake Hillman 0 0 0 0 0 0 0 0 0 0 0/0 2:14 0:00 0:00
Blake Lizotte 0 0 0 0 0 0 0 0 0 0 0/1 7:34 0:00 0:28
Brandon Biro 0 0 0 0 0 1 0 0 0 0 0/0 7:11 0:00 0:27
Brandon Hagel 0 0 0 0 0 3 2 0 3 2 2/6 23:11 7:40 2:32
Cam Hillis 0 0 0 0 0 0 0 0 0 0 0/0 1:10 0:57 0:00
Connor Bunnaman 0 0 0 -1 0 2 1 0 0 0 6/14 15:30 6:36 0:00
Dalton Thrower 0 0 0 -1 0 2 3 1 0 2 0/0 27:31 8:20 3:21
Gustav Lindstrom 0 0 0 0 2 1 1 1 2 0 0/0 21:39 6:32 1:17
Jeremy Bracco 0 0 0 0 2 6 2 0 0 0 0/0 22:34 7:43 1:31
Jordan Oesterle 0 0 0 -1 0 1 1 1 0 0 0/0 26:13 8:20 3:21
Liam Foudy 0 0 0 0 0 0 0 0 0 1 0/0 6:06 0:00 0:00
Liam O'Brien 0 0 0 0 0 0 1 0 0 0 4/11 12:47 0:00 1:26
Maxime Comtois 0 1 1 -1 0 4 7 0 1 0 1/1 17:46 6:36 2:06
Michael Downing 0 0 0 0 0 0 1 1 0 0 0/0 10:21 0:00 0:09
Robert Thomas 1 0 1 -1 0 3 0 0 0 0 0/0 15:30 6:36 0:00
Scott Perunovich 0 0 0 0 0 0 0 0 0 0 0/0 10:12 0:00 0:00
Sean Walker 0 0 0 0 0 1 2 1 0 0 0/0 21:49 6:32 1:26
Ty Dellandrea 1 0 1 0 0 2 2 0 0 0 0/0 11:35 0:14 0:00
3 Stars
1 - Antti Suomela (Chi)
2 - Thomas Spelling (Chi)
3 - Ebbe Siönäs (Chi)
Power Play
Wolves - 1 on 3 Attempt(s) - 33.33%
Crunch - 1 on 8 Attempt(s) - 12.50%
Penalty Kill
Wolves - 7 on 8 Attempt(s) - 87.50%
- Score 0 goal in Penalty Kill
Crunch - 2 on 3 Attempt(s) - 66.67%
- Score 0 goal in Penalty Kill
Team Stat
Wolves - Hits : 16 - Faceoff Wins : 36 - Blocked Shots : 16 - Penalty Minutes : 16
Crunch - Hits : 24 - Faceoff Wins : 31 - Blocked Shots : 7 - Penalty Minutes : 6
Official
Referees : Garrett Rank and Beaudry Halkidis
Linesman : Derek Amell and Jesse Marquis
Game Notes
9:37 of 2nd period - Crunch goal is going for a video replay. After video review, No Goal. The puck has been directed, batted or thrown into the net by an attacking player other than with a stick.
Finance
Level 1 -- Attendance: 1863 (93.15%) -- Ticket Income $130,410
Level 2 -- Attendance: 960 (96.00%) -- Ticket Income $38,400
Total Attendance: 2823 (94.10%)
Total Ticket Income: $168,810
Other Income: $8,440
Total Income: $177,250
Wolves
5 vs 5 Forward
Center Left Wing Right Wing Time % Phy DF OF
1 Cedric Paquette Hayden Hodgson Victor Olofsson 40 1 2 2
2 Antti Suomela Jonah Gadjovich Thomas Spelling 30 1 2 2
3 Jake Evans Parker Kelly Wade Allison 20 1 2 2
4 Jasper Weatherby Hayden Hodgson Maksim Sushko 10 1 2 2
5 vs 5 Defense
Defense Defense Time % Phy DF OF
1 Philip Larsen Jalen Chatfield 40 1 2 2
2 Jakub Zboril Samuel Girard 30 1 2 2
3 Dylan Coghlan Jordan Harris 20 1 2 2
4 Philip Larsen Jalen Chatfield 10 1 2 2
PowerPlay Forward
Center Left Wing Right Wing Time % Phy DF OF
1 Cedric Paquette Hayden Hodgson Victor Olofsson 60 1 2 2
2 Antti Suomela Jonah Gadjovich Thomas Spelling 40 1 2 2
PowerPlay Defense
Defense Defense Time % Phy DF OF
1 Philip Larsen Jalen Chatfield 60 1 2 2
2 Jakub Zboril Samuel Girard 40 1 2 2
Penalty Kill 4 Players Forward
Center Wing Time % Phy DF OF
1 Cedric Paquette Hayden Hodgson 60 1 2 2
2 Antti Suomela Jonah Gadjovich 40 1 2 2
Penalty Kill 4 Players Defense
Defense Defense Time % Phy DF OF
1 Philip Larsen Jalen Chatfield 60 1 2 2
2 Jakub Zboril Samuel Girard 40 1 2 2
Penalty Kill - 3 Players Forward
Forward Time % Phy DF OF
1 Cedric Paquette 60 1 2 2
2 Antti Suomela 40 1 2 2
Penalty Kill - 3 Players Defense
Defense Defense Time % Phy DF OF
1 Philip Larsen Jalen Chatfield 60 1 2 2
2 Jakub Zboril Samuel Girard 40 1 2 2
4 vs 4 Forward
Center Wing Time % Phy DF OF
1 Cedric Paquette Hayden Hodgson 60 1 2 2
2 Antti Suomela Jonah Gadjovich 40 1 2 2
4 vs 4 Defense
Defense Defense Time % Phy DF OF
1 Philip Larsen Jalen Chatfield 60 1 2 2
2 Jakub Zboril Samuel Girard 40 1 2 2
Last Minutes Offensive
Center Left Wing Right Wing Defense Defense
Cedric Paquette Hayden Hodgson Victor Olofsson Philip Larsen Jalen Chatfield
Last Minutes Defensive
Center Left Wing Right Wing Defense Defense
Cedric Paquette Hayden Hodgson Victor Olofsson Philip Larsen Jalen Chatfield
Goaltenders
Starting : Ebbe Siönäs
Backup : Ukko-Pekka Luukkonen
Extra Forwards
Normal : Hayden Hodgson, Jake Evans, Wade Allison - PP : Hayden Hodgson, Jake Evans - PK : Hayden Hodgson
Extra Defensemen
Normal : Samuel Girard, Dylan Coghlan, Jordan Harris - PP : Samuel Girard - PK : Samuel Girard, Dylan Coghlan
Penalty Shots
Victor Olofsson, Cedric Paquette, Antti Suomela, Thomas Spelling, Hayden Hodgson
Custom OT Lines Forwards
Victor Olofsson, Cedric Paquette, Antti Suomela, Thomas Spelling, Hayden Hodgson, Jake Evans, Wade Allison, Jonah Gadjovich, Jasper Weatherby, Maksim Sushko
Custom OT Lines Defensemen
Philip Larsen, Jalen Chatfield, Jakub Zboril, Samuel Girard, Dylan Coghlan
Scratches
Sasha Chmelevski (Healthy), Fredrik Olofsson (Severed Right Wrist Tendon Injury), Jacob Olofsson (Healthy), Matthew Kiersted (Fractured Orbital Bone Injury), Corey Shueneman (Bruised Right Leg Injury)
Ian Scott (Healthy)
Crunch
5 vs 5 Forward
Center Left Wing Right Wing Time % Phy DF OF
1 Axel Holmstrom Brandon Hagel Jeremy Bracco 40 1 2 2
2 Connor Bunnaman Maxime Comtois Robert Thomas 30 1 2 2
3 Liam O'Brien Anatoli Golyshev Ty Dellandrea 20 1 2 2
4 Blake Lizotte Brandon Biro Liam Foudy 10 1 2 2
5 vs 5 Defense
Defense Defense Time % Phy DF OF
1 Dalton Thrower Jordan Oesterle 40 1 2 2
2 Sean Walker Gustav Lindstrom 30 1 2 2
3 Scott Perunovich Michael Downing 20 1 2 2
4 Blake Hillman Dalton Thrower 10 1 2 2
PowerPlay Forward
Center Left Wing Right Wing Time % Phy DF OF
1 Axel Holmstrom Brandon Hagel Jeremy Bracco 60 1 2 2
2 Connor Bunnaman Maxime Comtois Robert Thomas 40 1 2 2
PowerPlay Defense
Defense Defense Time % Phy DF OF
1 Dalton Thrower Jordan Oesterle 60 1 2 2
2 Sean Walker Gustav Lindstrom 40 1 2 2
Penalty Kill 4 Players Forward
Center Wing Time % Phy DF OF
1 Brandon Hagel Jeremy Bracco 60 1 2 2
2 Axel Holmstrom Maxime Comtois 40 1 2 2
Penalty Kill 4 Players Defense
Defense Defense Time % Phy DF OF
1 Dalton Thrower Jordan Oesterle 60 1 2 2
2 Sean Walker Gustav Lindstrom 40 1 2 2
Penalty Kill - 3 Players Forward
Forward Time % Phy DF OF
1 Brandon Hagel 60 1 2 2
2 Jeremy Bracco 40 1 2 2
Penalty Kill - 3 Players Defense
Defense Defense Time % Phy DF OF
1 Dalton Thrower Jordan Oesterle 60 1 2 2
2 Sean Walker Gustav Lindstrom 40 1 2 2
4 vs 4 Forward
Center Wing Time % Phy DF OF
1 Brandon Hagel Jeremy Bracco 60 1 2 2
2 Axel Holmstrom Maxime Comtois 40 1 2 2
4 vs 4 Defense
Defense Defense Time % Phy DF OF
1 Dalton Thrower Jordan Oesterle 60 1 2 2
2 Sean Walker Gustav Lindstrom 40 1 2 2
Last Minutes Offensive
Center Left Wing Right Wing Defense Defense
Axel Holmstrom Brandon Hagel Jeremy Bracco Dalton Thrower Jordan Oesterle
Last Minutes Defensive
Center Left Wing Right Wing Defense Defense
Axel Holmstrom Brandon Hagel Jeremy Bracco Dalton Thrower Jordan Oesterle
Goaltenders
Starting : Louis Domingue
Backup : Kaapo Kahkonen
Extra Forwards
Normal : Cam Hillis, Anatoli Golyshev, Liam O'Brien - PP : Cam Hillis, Anatoli Golyshev - PK : Liam O'Brien
Extra Defensemen
Normal : Scott Perunovich, Michael Downing, Blake Hillman - PP : Scott Perunovich - PK : Michael Downing, Blake Hillman
Penalty Shots
Brandon Hagel, Jeremy Bracco, Axel Holmstrom, Maxime Comtois, Robert Thomas
Custom OT Lines Forwards
Brandon Hagel, Jeremy Bracco, Axel Holmstrom, Maxime Comtois, Robert Thomas, Anatoli Golyshev, Connor Bunnaman, Liam O'Brien, Brandon Biro, Ty Dellandrea
Custom OT Lines Defensemen
Dalton Thrower, Jordan Oesterle, Sean Walker, Gustav Lindstrom, Scott Perunovich
Scratches
Joe Veleno (Bruised Right Arm Injury), Ryan Lindgren (Bruised Left Arm Injury), Lukas Dostal (Healthy), Josef Korenar (Healthy)
% Time on Ice - Wolves
Lines # - Real PCT - Wanted PCT - Time Play
Normal Forward
1 - 33% - 40% - 13:14
2 - 28% - 30% - 11:19
3 - 23% - 20% - 9:11
4 - 15% - 10% - 6:03
Normal Defense
1 - 41% - 40% - 16:12
2 - 35% - 30% - 14:04
3 - 22% - 20% - 8:40
4 - 2% - 10% - 0:51
PP Forward
1 - 54% - 60% - 2:36
2 - 46% - 40% - 2:11
PP Defense
1 - 55% - 60% - 2:39
2 - 45% - 40% - 2:08
PK Forward
1 - 72% - 60% - 10:45
2 - 28% - 40% - 4:07
PK Defense
1 - 59% - 60% - 8:48
2 - 41% - 40% - 6:04
PK3 Forward
1 - 0% - 60%
2 - 0% - 40%
PK3 Defense
1 - 0% - 60%
2 - 0% - 40%
44 Forward
1 - 0% - 60%
2 - 0% - 40%
44 Defense
1 - 0% - 60%
2 - 0% - 40%
Last Minute Offensive - 0:00
Last Minute Defensive - 0:34
Total
Forward - 60:00
Defense - 60:00
|
% Time on Ice - Crunch
Lines # - Real PCT - Wanted PCT - Time Play
Normal Forward
1 - 35% - 40% - 14:00
2 - 22% - 30% - 8:54
3 - 28% - 20% - 11:21
4 - 15% - 10% - 6:06
Normal Defense
1 - 36% - 40% - 14:32
2 - 34% - 30% - 13:51
3 - 25% - 20% - 10:12
4 - 4% - 10% - 1:46
PP Forward
1 - 54% - 60% - 8:02
2 - 46% - 40% - 6:50
PP Defense
1 - 56% - 60% - 8:20
2 - 44% - 40% - 6:32
PK Forward
1 - 79% - 60% - 3:48
2 - 21% - 40% - 0:59
PK Defense
1 - 70% - 60% - 3:21
2 - 30% - 40% - 1:26
PK3 Forward
1 - 0% - 60%
2 - 0% - 40%
PK3 Defense
1 - 0% - 60%
2 - 0% - 40%
44 Forward
1 - 0% - 60%
2 - 0% - 40%
44 Defense
1 - 0% - 60%
2 - 0% - 40%
Last Minute Offensive - 0:00
Last Minute Defensive - 0:00
Total
Forward - 60:00
Defense - 60:00
|
Play-by-Play
1st period
0:01 of 1st period - Axel Holmstrom wins face-off versus Cedric Paquette in neutral zone.
0:16 of 1st period - Slapshot by Jeremy Bracco.
0:16 of 1st period - Stopped by Ebbe Siönäs without a rebound.
0:17 of 1st period - Antti Suomela wins face-off versus Connor Bunnaman in Wolves zone.
0:17 of 1st period - Antti Suomela is hit by Maxime Comtois.
0:25 of 1st period - Wrist shot by Antti Suomela.
0:25 of 1st period - Goal by Antti Suomela - Wolves : 1 - Crunch : 0.
0:26 of 1st period - Jake Evans wins face-off versus Liam O'Brien in neutral zone.
0:35 of 1st period - Snap shot by Wade Allison.
0:35 of 1st period - Deflect By Anatoli Golyshev.
0:35 of 1st period - Shot Blocked by Michael Downing.
0:35 of 1st period - Puck is out of play.
0:36 of 1st period - Liam O'Brien wins face-off versus Jake Evans in Crunch zone.
0:55 of 1st period - Wrist shot by Wade Allison.
0:55 of 1st period - Deflect By Jake Evans.
0:55 of 1st period - Shot Misses the Net.
0:55 of 1st period - Puck is out of play.
0:56 of 1st period - Antti Suomela wins face-off versus Connor Bunnaman in Crunch zone.
1:01 of 1st period - Snap shot by Antti Suomela.
1:01 of 1st period - Stopped by Louis Domingue without a rebound.
1:02 of 1st period - Connor Bunnaman wins face-off versus Antti Suomela in Crunch zone.
1:29 of 1st period - Slapshot by Victor Olofsson.
1:29 of 1st period - Shot Misses the Net.
1:31 of 1st period - Snap shot by Victor Olofsson.
1:31 of 1st period - Shot Blocked by Gustav Lindstrom.
1:33 of 1st period - Wrist shot by Hayden Hodgson.
1:33 of 1st period - Shot Misses the Net.
1:35 of 1st period - Snap shot by Victor Olofsson.
1:35 of 1st period - Shot Misses the Net.
1:40 of 1st period - Minor Penalty to Gustav Lindstrom for Cross-checking.
1:41 of 1st period - Cedric Paquette wins face-off versus Brandon Hagel in Crunch zone.
2:07 of 1st period - Philip Larsen is hit by Maxime Comtois and loses puck.
2:29 of 1st period - Wrist shot by Thomas Spelling.
2:29 of 1st period - Deflect By Victor Olofsson.
2:29 of 1st period - Goal by Victor Olofsson - Wolves : 2 - Crunch : 0.
2:30 of 1st period - Cedric Paquette wins face-off versus Axel Holmstrom in neutral zone.
2:41 of 1st period - Slapshot by Victor Olofsson.
2:41 of 1st period - Shot Blocked by Jordan Oesterle.
3:18 of 1st period - Snap shot by Maxime Comtois.
3:18 of 1st period - Deflect By Robert Thomas.
3:18 of 1st period - Shot Misses the Net.
3:18 of 1st period - Puck is out of play.
3:19 of 1st period - Connor Bunnaman wins face-off versus Jake Evans in Wolves zone.
3:33 of 1st period - Wrist shot by Robert Thomas.
3:33 of 1st period - Stopped by Ebbe Siönäs with a rebound.
3:35 of 1st period - Wrist shot by Connor Bunnaman.
3:35 of 1st period - Shot Misses the Net.
3:49 of 1st period - Slapshot by Victor Olofsson.
3:49 of 1st period - Shot Misses the Net.
3:51 of 1st period - Snap shot by Victor Olofsson.
3:51 of 1st period - Stopped by Louis Domingue with a rebound.
4:35 of 1st period - Off-side.
4:36 of 1st period - Jake Evans wins face-off versus Brandon Hagel in neutral zone.
4:45 of 1st period - Snap shot by Wade Allison.
4:45 of 1st period - Shot Misses the Net.
5:01 of 1st period - Jakub Zboril is hit by Jordan Oesterle and loses puck.
5:06 of 1st period - Snap shot by Robert Thomas.
5:06 of 1st period - Goal by Robert Thomas - Wolves : 2 - Crunch : 1.
5:07 of 1st period - Axel Holmstrom wins face-off versus Cedric Paquette in neutral zone.
5:21 of 1st period - Icing by Victor Olofsson.
5:22 of 1st period - Cedric Paquette wins face-off versus Connor Bunnaman in Wolves zone.
5:22 of 1st period - Victor Olofsson is hit by Connor Bunnaman and loses puck.
5:51 of 1st period - Wrist shot by Cedric Paquette.
5:51 of 1st period - Shot Misses the Net.
5:53 of 1st period - Slapshot by Jalen Chatfield.
5:53 of 1st period - Stopped by Louis Domingue with a rebound.
5:55 of 1st period - Slapshot by Philip Larsen.
5:55 of 1st period - Stopped by Louis Domingue with a rebound.
5:57 of 1st period - Wrist shot by Philip Larsen.
5:57 of 1st period - Deflect By Maxime Comtois.
5:57 of 1st period - Stopped by Louis Domingue without a rebound.
5:58 of 1st period - Axel Holmstrom wins face-off versus Antti Suomela in Crunch zone.
5:58 of 1st period - Axel Holmstrom is hit by Antti Suomela.
6:24 of 1st period - Liam O'Brien is hit by Jake Evans and loses puck.
7:01 of 1st period - Off-side.
7:02 of 1st period - Maxime Comtois wins face-off versus Antti Suomela in neutral zone.
7:44 of 1st period - Snap shot by Thomas Spelling.
7:44 of 1st period - Stopped by Louis Domingue without a rebound.
7:45 of 1st period - Axel Holmstrom wins face-off versus Hayden Hodgson in Crunch zone.
8:10 of 1st period - Jakub Zboril is hit by Maxime Comtois and loses puck.
8:21 of 1st period - Snap shot by Maxime Comtois.
8:21 of 1st period - Deflect By Jakub Zboril.
8:21 of 1st period - Stopped by Ebbe Siönäs with a rebound.
8:38 of 1st period - Slapshot by Samuel Girard.
8:38 of 1st period - Shot Misses the Net.
9:34 of 1st period - Wrist shot by Jake Evans.
9:34 of 1st period - Shot Misses the Net.
9:36 of 1st period - Wrist shot by Jake Evans.
9:36 of 1st period - Stopped by Louis Domingue with a rebound.
9:38 of 1st period - Snap shot by Philip Larsen.
9:38 of 1st period - Shot Misses the Net.
9:40 of 1st period - Backhand shot by Parker Kelly.
9:40 of 1st period - Stopped by Louis Domingue with a rebound.
9:50 of 1st period - Jordan Harris is hit by Ty Dellandrea and loses puck.
9:55 of 1st period - Wrist shot by Anatoli Golyshev.
9:55 of 1st period - Stopped by Ebbe Siönäs with a rebound.
9:57 of 1st period - Snap shot by Anatoli Golyshev.
9:57 of 1st period - Shot Blocked by Hayden Hodgson.
10:15 of 1st period - Snap shot by Brandon Hagel.
10:15 of 1st period - Shot Blocked by Hayden Hodgson.
10:17 of 1st period - Slapshot by Axel Holmstrom.
10:17 of 1st period - Deflect By Dylan Coghlan.
10:17 of 1st period - Stopped by Ebbe Siönäs with a rebound.
10:19 of 1st period - Snap shot by Brandon Hagel.
10:19 of 1st period - Shot Misses the Net.
10:21 of 1st period - Wrist shot by Jeremy Bracco.
10:21 of 1st period - Stopped by Ebbe Siönäs without a rebound.
10:22 of 1st period - Axel Holmstrom wins face-off versus Antti Suomela in Wolves zone.
10:31 of 1st period - Slapshot by Jeremy Bracco.
10:31 of 1st period - Shot Blocked by Samuel Girard.
10:34 of 1st period - Icing by Jakub Zboril.
10:35 of 1st period - Axel Holmstrom wins face-off versus Antti Suomela in Wolves zone.
10:56 of 1st period - Slapshot by Antti Suomela.
10:56 of 1st period - Goal by Antti Suomela - Wolves : 3 - Crunch : 1.
10:57 of 1st period - Axel Holmstrom wins face-off versus Cedric Paquette in neutral zone.
10:59 of 1st period - Minor Penalty to Jeremy Bracco for Hooking.
11:00 of 1st period - Cedric Paquette wins face-off versus Brandon Hagel in Crunch zone.
11:02 of 1st period - Snap shot by Victor Olofsson.
11:02 of 1st period - Shot Misses the Net.
11:32 of 1st period - Dalton Thrower is hit by Jonah Gadjovich.
12:37 of 1st period - Jordan Oesterle is hit by Jalen Chatfield and loses puck.
12:59 of 1st period - Penalty to Jeremy Bracco is over, Jeremy Bracco is back on ice.
13:16 of 1st period - Wrist shot by Wade Allison.
13:16 of 1st period - Shot Misses the Net.
14:32 of 1st period - Off-side.
14:33 of 1st period - Cedric Paquette wins face-off versus Liam O'Brien in neutral zone.
14:36 of 1st period - Jordan Oesterle is hit by Victor Olofsson and loses puck.
14:51 of 1st period - Jakub Zboril is hit by Dalton Thrower and loses puck.
15:11 of 1st period - Dalton Thrower is hit by Cedric Paquette and loses puck.
15:28 of 1st period - Dalton Thrower is hit by Thomas Spelling and loses puck.
16:15 of 1st period - Snap shot by Axel Holmstrom.
16:15 of 1st period - Shot Misses the Net.
16:17 of 1st period - Wrist shot by Axel Holmstrom.
16:17 of 1st period - Stopped by Ebbe Siönäs without a rebound.
16:18 of 1st period - Cedric Paquette wins face-off versus Axel Holmstrom in Wolves zone.
16:23 of 1st period - Slapshot by Jeremy Bracco.
16:23 of 1st period - Shot Misses the Net.
16:25 of 1st period - Wrist shot by Jeremy Bracco.
16:25 of 1st period - Shot Blocked by Cedric Paquette.
16:27 of 1st period - Backhand shot by Jeremy Bracco.
16:27 of 1st period - Shot Misses the Net.
16:29 of 1st period - Slapshot by Scott Perunovich.
16:29 of 1st period - Shot Blocked by Philip Larsen.
16:43 of 1st period - Connor Bunnaman is hit by Jalen Chatfield and loses puck.
17:02 of 1st period - Snap shot by Antti Suomela.
17:02 of 1st period - Shot Misses the Net.
17:04 of 1st period - Snap shot by Antti Suomela.
17:04 of 1st period - Stopped by Louis Domingue without a rebound.
17:05 of 1st period - Liam O'Brien wins face-off versus Antti Suomela in Crunch zone.
17:51 of 1st period - Minor Penalty to Jonah Gadjovich for Hooking.
17:52 of 1st period - Axel Holmstrom wins face-off versus Cedric Paquette in Wolves zone.
19:51 of 1st period - Penalty to Jonah Gadjovich is over, Jonah Gadjovich is back on ice.
Goals for this period are 3 for Wolves vs 1 for Crunch.
Shots for this period are 12 for Wolves vs 8 for Crunch.
2nd period
0:01 of 2nd period - Axel Holmstrom wins face-off versus Victor Olofsson in neutral zone.
1:03 of 2nd period - Snap shot by Cedric Paquette.
1:03 of 2nd period - Stopped by Louis Domingue without a rebound.
1:04 of 2nd period - Antti Suomela wins face-off versus Axel Holmstrom in Crunch zone.
1:07 of 2nd period - Wrist shot by Thomas Spelling.
1:07 of 2nd period - Stopped by Louis Domingue without a rebound.
1:08 of 2nd period - Axel Holmstrom wins face-off versus Jonah Gadjovich in Crunch zone.
1:19 of 2nd period - Snap shot by Brandon Hagel.
1:19 of 2nd period - Stopped by Ebbe Siönäs with a rebound.
1:21 of 2nd period - Wrist shot by Axel Holmstrom.
1:21 of 2nd period - Shot Misses the Net.
1:23 of 2nd period - Backhand shot by Jeremy Bracco.
1:23 of 2nd period - Shot Misses the Net.
1:39 of 2nd period - Icing by Jakub Zboril.
1:40 of 2nd period - Anatoli Golyshev wins face-off versus Antti Suomela in Wolves zone.
1:41 of 2nd period - Wrist shot by Gustav Lindstrom.
1:41 of 2nd period - Stopped by Ebbe Siönäs with a rebound.
1:59 of 2nd period - Snap shot by Liam O'Brien.
1:59 of 2nd period - Shot Blocked by Jakub Zboril.
2:05 of 2nd period - Sean Walker is hit by Jonah Gadjovich and loses puck.
2:21 of 2nd period - Icing by Jakub Zboril.
2:22 of 2nd period - Antti Suomela wins face-off versus Axel Holmstrom in Wolves zone.
2:24 of 2nd period - Jakub Zboril is hit by Dalton Thrower and loses puck.
3:32 of 2nd period - Snap shot by Hayden Hodgson.
3:32 of 2nd period - Stopped by Louis Domingue without a rebound.
3:33 of 2nd period - Axel Holmstrom wins face-off versus Jasper Weatherby in Crunch zone.
3:48 of 2nd period - Hayden Hodgson is hit by Brandon Hagel and loses puck.
4:16 of 2nd period - Snap shot by Hayden Hodgson.
4:16 of 2nd period - Stopped by Louis Domingue with a rebound.
4:18 of 2nd period - Wrist shot by Maksim Sushko.
4:18 of 2nd period - Stopped by Louis Domingue without a rebound.
4:19 of 2nd period - Connor Bunnaman wins face-off versus Jake Evans in Crunch zone.
4:32 of 2nd period - Snap shot by Maxime Comtois.
4:32 of 2nd period - Stopped by Ebbe Siönäs without a rebound.
4:33 of 2nd period - Antti Suomela wins face-off versus Connor Bunnaman in Wolves zone.
4:33 of 2nd period - Antti Suomela is hit by Maxime Comtois.
4:47 of 2nd period - Jordan Harris is hit by Maxime Comtois and loses puck.
5:19 of 2nd period - Slapshot by Axel Holmstrom.
5:19 of 2nd period - Stopped by Ebbe Siönäs without a rebound.
5:20 of 2nd period - Axel Holmstrom wins face-off versus Cedric Paquette in Wolves zone.
5:29 of 2nd period - Snap shot by Brandon Hagel.
5:29 of 2nd period - Stopped by Ebbe Siönäs with a rebound.
6:08 of 2nd period - Slapshot by Jeremy Bracco.
6:08 of 2nd period - Shot Blocked by Cedric Paquette.
6:27 of 2nd period - Minor Penalty to Jalen Chatfield for Goalie Interference.
6:28 of 2nd period - Antti Suomela wins face-off versus Connor Bunnaman in Wolves zone.
7:21 of 2nd period - Brandon Hagel is hit by Philip Larsen and loses puck.
7:30 of 2nd period - Wrist shot by Parker Kelly.
7:30 of 2nd period - Deflect By Jasper Weatherby.
7:30 of 2nd period - Stopped by Louis Domingue without a rebound.
7:31 of 2nd period - Cedric Paquette wins face-off versus Connor Bunnaman in Crunch zone.
8:27 of 2nd period - Penalty to Jalen Chatfield is over, Jalen Chatfield is back on ice.
8:31 of 2nd period - Jalen Chatfield is hit by Gustav Lindstrom and loses puck.
8:51 of 2nd period - Off-side.
8:52 of 2nd period - Jake Evans wins face-off versus Blake Lizotte in neutral zone.
9:00 of 2nd period - Minor Penalty to Wade Allison for Interference.
9:01 of 2nd period - Axel Holmstrom wins face-off versus Cedric Paquette in Wolves zone.
9:31 of 2nd period - Slapshot by Jordan Oesterle.
9:31 of 2nd period - Shot Blocked by Philip Larsen.
9:33 of 2nd period - Wrist shot by Connor Bunnaman.
9:33 of 2nd period - Shot Blocked by Antti Suomela.
9:35 of 2nd period - Wrist shot by Jordan Oesterle.
9:35 of 2nd period - Stopped by Ebbe Siönäs with a rebound.
9:37 of 2nd period - Slapshot by Dalton Thrower.
9:37 of 2nd period - Crunch goal is going for a video replay.
9:37 of 2nd period - The goal is refused. The puck has been directed, batted or thrown into the net by an attacking player other than with a stick..
9:38 of 2nd period - Antti Suomela wins face-off versus Axel Holmstrom in Wolves zone.
11:00 of 2nd period - Penalty to Wade Allison is over, Wade Allison is back on ice.
11:12 of 2nd period - Slapshot by Wade Allison.
11:12 of 2nd period - Shot Blocked by Dalton Thrower.
11:14 of 2nd period - Slapshot by Jake Evans.
11:14 of 2nd period - Stopped by Louis Domingue without a rebound.
11:15 of 2nd period - Wade Allison wins face-off versus Liam O'Brien in Crunch zone.
11:16 of 2nd period - Snap shot by Jake Evans.
11:16 of 2nd period - Shot Blocked by Anatoli Golyshev.
11:18 of 2nd period - Slapshot by Dylan Coghlan.
11:18 of 2nd period - Stopped by Louis Domingue without a rebound.
11:19 of 2nd period - Jake Evans wins face-off versus Liam O'Brien in Crunch zone.
11:30 of 2nd period - Wrist shot by Wade Allison.
11:30 of 2nd period - Stopped by Louis Domingue with a rebound.
12:55 of 2nd period - Wrist shot by Anatoli Golyshev.
12:55 of 2nd period - Shot Misses the Net.
13:11 of 2nd period - Snap shot by Jeremy Bracco.
13:11 of 2nd period - Stopped by Ebbe Siönäs without a rebound.
13:12 of 2nd period - Brandon Hagel wins face-off versus Jonah Gadjovich in Wolves zone.
13:25 of 2nd period - Wrist shot by Brandon Hagel.
13:25 of 2nd period - Stopped by Ebbe Siönäs with a rebound.
13:27 of 2nd period - Wrist shot by Sean Walker.
13:27 of 2nd period - Stopped by Ebbe Siönäs without a rebound.
13:28 of 2nd period - Connor Bunnaman wins face-off versus Cedric Paquette in Wolves zone.
13:31 of 2nd period - Snap shot by Maxime Comtois.
13:31 of 2nd period - Stopped by Ebbe Siönäs with a rebound.
13:35 of 2nd period - Snap shot by Robert Thomas.
13:35 of 2nd period - Stopped by Ebbe Siönäs without a rebound.
13:36 of 2nd period - Connor Bunnaman wins face-off versus Cedric Paquette in Wolves zone.
13:42 of 2nd period - Minor Penalty to Samuel Girard for Holding.
13:43 of 2nd period - Cedric Paquette wins face-off versus Axel Holmstrom in Wolves zone.
14:09 of 2nd period - Jordan Oesterle is hit by Philip Larsen and loses puck.
15:42 of 2nd period - Penalty to Samuel Girard is over, Samuel Girard is back on ice.
16:43 of 2nd period - Wrist shot by Brandon Biro.
16:43 of 2nd period - Stopped by Ebbe Siönäs with a rebound.
18:36 of 2nd period - Victor Olofsson is hit by Brandon Hagel and loses puck.
19:10 of 2nd period - Thomas Spelling is hit by Sean Walker and loses puck.
Goals for this period are 0 for Wolves vs 0 for Crunch.
Shots for this period are 9 for Wolves vs 13 for Crunch.
3rd period
0:01 of 3rd period - Axel Holmstrom wins face-off versus Cedric Paquette in neutral zone.
0:30 of 3rd period - Slapshot by Thomas Spelling.
0:30 of 3rd period - Stopped by Louis Domingue without a rebound.
0:31 of 3rd period - Antti Suomela wins face-off versus Connor Bunnaman in Crunch zone.
0:34 of 3rd period - Wrist shot by Thomas Spelling.
0:34 of 3rd period - Shot Misses the Net.
0:36 of 3rd period - Snap shot by Thomas Spelling.
0:36 of 3rd period - Stopped by Louis Domingue without a rebound.
0:37 of 3rd period - Antti Suomela wins face-off versus Axel Holmstrom in Crunch zone.
0:51 of 3rd period - Minor Penalty to Antti Suomela for Interference.
0:52 of 3rd period - Axel Holmstrom wins face-off versus Cedric Paquette in Wolves zone.
1:04 of 3rd period - Snap shot by Jeremy Bracco.
1:04 of 3rd period - Stopped by Ebbe Siönäs with a rebound.
1:06 of 3rd period - Snap shot by Jeremy Bracco.
1:06 of 3rd period - Deflect By Brandon Hagel.
1:06 of 3rd period - Shot Misses the Net.
1:06 of 3rd period - Puck is out of play.
1:07 of 3rd period - Cedric Paquette wins face-off versus Axel Holmstrom in Wolves zone.
1:36 of 3rd period - Snap shot by Connor Bunnaman.
1:36 of 3rd period - Stopped by Ebbe Siönäs without a rebound.
1:37 of 3rd period - Cedric Paquette wins face-off versus Connor Bunnaman in Wolves zone.
1:46 of 3rd period - Snap shot by Maxime Comtois.
1:46 of 3rd period - Shot Misses the Net.
2:51 of 3rd period - Penalty to Antti Suomela is over, Antti Suomela is back on ice.
3:00 of 3rd period - Wrist shot by Anatoli Golyshev.
3:00 of 3rd period - Deflect By Ty Dellandrea.
3:00 of 3rd period - Shot Misses the Net.
3:00 of 3rd period - Puck is out of play.
3:01 of 3rd period - Jake Evans wins face-off versus Liam O'Brien in Wolves zone.
3:16 of 3rd period - Slapshot by Anatoli Golyshev.
3:16 of 3rd period - Stopped by Ebbe Siönäs with a rebound.
3:28 of 3rd period - Snap shot by Blake Lizotte.
3:28 of 3rd period - Shot Misses the Net.
4:25 of 3rd period - Wrist shot by Philip Larsen.
4:25 of 3rd period - Stopped by Louis Domingue without a rebound.
4:26 of 3rd period - Jasper Weatherby wins face-off versus Axel Holmstrom in Crunch zone.
4:29 of 3rd period - Snap shot by Jakub Zboril.
4:29 of 3rd period - Stopped by Louis Domingue without a rebound.
4:30 of 3rd period - Axel Holmstrom wins face-off versus Cedric Paquette in Crunch zone.
4:37 of 3rd period - Slapshot by Jeremy Bracco.
4:37 of 3rd period - Stopped by Ebbe Siönäs with a rebound.
4:45 of 3rd period - Wrist shot by Cedric Paquette.
4:45 of 3rd period - Shot Blocked by Axel Holmstrom.
5:48 of 3rd period - Snap shot by Cedric Paquette.
5:48 of 3rd period - Shot Blocked by Sean Walker.
5:50 of 3rd period - Slapshot by Jalen Chatfield.
5:50 of 3rd period - Stopped by Louis Domingue with a rebound.
5:52 of 3rd period - Snap shot by Victor Olofsson.
5:52 of 3rd period - Shot Misses the Net.
6:10 of 3rd period - Snap shot by Jake Evans.
6:10 of 3rd period - Shot Misses the Net.
6:22 of 3rd period - Robert Thomas is hit by Maksim Sushko and loses puck.
6:49 of 3rd period - Slapshot by Blake Lizotte.
6:49 of 3rd period - Shot Blocked by Jake Evans.
7:13 of 3rd period - Off-side.
7:14 of 3rd period - Liam O'Brien wins face-off versus Jasper Weatherby in neutral zone.
7:17 of 3rd period - Snap shot by Anatoli Golyshev.
7:17 of 3rd period - Stopped by Ebbe Siönäs without a rebound.
7:18 of 3rd period - Jasper Weatherby wins face-off versus Liam O'Brien in Wolves zone.
7:18 of 3rd period - Jasper Weatherby is hit by Ty Dellandrea.
7:23 of 3rd period - Jalen Chatfield is hit by Michael Downing and loses puck.
7:30 of 3rd period - Backhand shot by Anatoli Golyshev.
7:30 of 3rd period - Stopped by Ebbe Siönäs with a rebound.
7:32 of 3rd period - Snap shot by Ty Dellandrea.
7:32 of 3rd period - Shot Misses the Net.
7:34 of 3rd period - Snap shot by Anatoli Golyshev.
7:34 of 3rd period - Stopped by Ebbe Siönäs with a rebound.
7:36 of 3rd period - Slapshot by Scott Perunovich.
7:36 of 3rd period - Shot Blocked by Philip Larsen.
7:38 of 3rd period - Wrist shot by Ty Dellandrea.
7:38 of 3rd period - Shot Blocked by Jasper Weatherby.
8:04 of 3rd period - Snap shot by Anatoli Golyshev.
8:04 of 3rd period - Stopped by Ebbe Siönäs without a rebound.
8:05 of 3rd period - Hayden Hodgson wins face-off versus Axel Holmstrom in Wolves zone.
8:15 of 3rd period - Minor Penalty to Jakub Zboril for Elbowing.
8:16 of 3rd period - Cedric Paquette wins face-off versus Brandon Hagel in Wolves zone.
8:41 of 3rd period - Jalen Chatfield is hit by Maxime Comtois and loses puck.
10:15 of 3rd period - Penalty to Jakub Zboril is over, Jakub Zboril is back on ice.
11:13 of 3rd period - Jake Evans is hit by Jeremy Bracco and loses puck.
11:17 of 3rd period - Icing by Jalen Chatfield.
11:18 of 3rd period - Jake Evans wins face-off versus Axel Holmstrom in Wolves zone.
11:57 of 3rd period - Slapshot by Jake Evans.
11:57 of 3rd period - Stopped by Louis Domingue without a rebound.
11:58 of 3rd period - Jasper Weatherby wins face-off versus Axel Holmstrom in Crunch zone.
11:59 of 3rd period - Wrist shot by Jake Evans.
11:59 of 3rd period - Shot Misses the Net.
12:01 of 3rd period - Wrist shot by Jake Evans.
12:01 of 3rd period - Stopped by Louis Domingue without a rebound.
12:02 of 3rd period - Axel Holmstrom wins face-off versus Jasper Weatherby in Crunch zone.
12:24 of 3rd period - Double Minor Penalty to Jordan Harris for Slashing.
12:25 of 3rd period - Cedric Paquette wins face-off versus Axel Holmstrom in Wolves zone.
12:34 of 3rd period - Snap shot by Jeremy Bracco.
12:34 of 3rd period - Stopped by Ebbe Siönäs without a rebound.
12:35 of 3rd period - Cedric Paquette wins face-off versus Axel Holmstrom in Wolves zone.
12:58 of 3rd period - Philip Larsen is hit by Jeremy Bracco and loses puck.
13:03 of 3rd period - Snap shot by Brandon Hagel.
13:03 of 3rd period - Shot Blocked by Philip Larsen.
13:05 of 3rd period - Slapshot by Dalton Thrower.
13:05 of 3rd period - Stopped by Ebbe Siönäs without a rebound.
13:06 of 3rd period - Connor Bunnaman wins face-off versus Cedric Paquette in Wolves zone.
13:19 of 3rd period - Slapshot by Gustav Lindstrom.
13:19 of 3rd period - Shot Blocked by Samuel Girard.
14:23 of 3rd period - Gustav Lindstrom is hit by Antti Suomela.
15:15 of 3rd period - Jalen Chatfield is hit by Anatoli Golyshev and loses puck.
15:22 of 3rd period - Snap shot by Ty Dellandrea.
15:22 of 3rd period - Goal by Ty Dellandrea - Wolves : 3 - Crunch : 2.
15:23 of 3rd period - Liam O'Brien wins face-off versus Jake Evans in neutral zone.
15:28 of 3rd period - Slapshot by Anatoli Golyshev.
15:28 of 3rd period - Shot Blocked by Jakub Zboril.
15:30 of 3rd period - Slapshot by Sean Walker.
15:30 of 3rd period - Deflect By Anatoli Golyshev.
15:30 of 3rd period - Shot Misses the Net.
15:30 of 3rd period - Puck is out of play.
15:31 of 3rd period - Jake Evans wins face-off versus Liam O'Brien in Wolves zone.
15:31 of 3rd period - Jake Evans is hit by Liam O'Brien.
15:55 of 3rd period - Wrist shot by Ty Dellandrea.
15:55 of 3rd period - Stopped by Ebbe Siönäs without a rebound.
15:56 of 3rd period - Cedric Paquette wins face-off versus Axel Holmstrom in Wolves zone.
16:23 of 3rd period - Jonah Gadjovich is hit by Dalton Thrower.
16:29 of 3rd period - Snap shot by Thomas Spelling.
16:29 of 3rd period - Stopped by Louis Domingue with a rebound.
16:31 of 3rd period - Slapshot by Samuel Girard.
16:31 of 3rd period - Stopped by Louis Domingue with a rebound.
16:35 of 3rd period - Slapshot by Thomas Spelling.
16:35 of 3rd period - Stopped by Louis Domingue with a rebound.
16:45 of 3rd period - Snap shot by Robert Thomas.
16:45 of 3rd period - Shot Misses the Net.
16:47 of 3rd period - Snap shot by Jordan Oesterle.
16:47 of 3rd period - Shot Blocked by Jakub Zboril.
16:49 of 3rd period - Slapshot by Maxime Comtois.
16:49 of 3rd period - Stopped by Ebbe Siönäs with a rebound.
16:51 of 3rd period - Wrist shot by Connor Bunnaman.
16:51 of 3rd period - Stopped by Ebbe Siönäs with a rebound.
17:14 of 3rd period - Icing by Hayden Hodgson.
17:15 of 3rd period - Cedric Paquette wins face-off versus Axel Holmstrom in Wolves zone.
17:15 of 3rd period - Cedric Paquette is hit by Sean Walker.
17:22 of 3rd period - Minor Penalty to Axel Holmstrom for Hooking.
17:23 of 3rd period - Brandon Hagel wins face-off versus Cedric Paquette in Crunch zone.
18:34 of 3rd period - Samuel Girard is hit by Maxime Comtois and loses puck.
19:15 of 3rd period - Maxime Comtois is hit by Jake Evans and loses puck.
19:22 of 3rd period - Penalty to Axel Holmstrom is over, Axel Holmstrom is back on ice.
19:40 of 3rd period - Crunch, Louis Domingue is pulled from the net.
19:40 of 3rd period - Slapshot by Jordan Oesterle.
19:40 of 3rd period - Shot Misses the Net.
19:48 of 3rd period - Jordan Oesterle is hit by Wade Allison.
19:52 of 3rd period - Axel Holmstrom is hit by Wade Allison and loses puck.
Goals for this period are 0 for Wolves vs 1 for Crunch.
Shots for this period are 10 for Wolves vs 14 for Crunch.